 Dungeon Crawl Stone Soup version 0.29.1-15-g9cfb28693d (webtiles) character file.

Game seed: 5319487894347746084

69 Descartes the Digger (level 4, -5/24 HPs)
             Began as a Gargoyle Earth Elementalist on Mar 23, 2023.
             Killed from afar by Terence (9 damage)
             ... with a puff of flame
             ... on level 2 of the Dungeon.
             The game lasted 00:04:19 (1654 turns).

Descartes the Digger (Gargoyle Earth Elementalist)  Turns: 1654, Time: 00:04:19

Health: -5/24      AC:  5    Str: 12    XL:     4   Next: 20%
Magic:  3/7        EV: 12    Int: 17    God:
Gold:   102        SH:  0    Dex: 10    Spells: 6/7 levels left

rFire   . . .      SeeInvis .   e - +0 short sword
rCold   . . .      Faith    .   (no shield)
rNeg    + . .      Spirit   .   a - +0 robe
rPois   ∞          Reflect  .   (no helmet)
rElec   +          Harm     .   (no cloak)
rCorr   .          Rampage  .   (no gloves)
Will    .....                   (no boots)
Stlth   ++........              (no amulet)
HPRegen 0.08/turn               (no ring)
MPRegen 0.10/turn               (no ring)

@: no status effects
A: sickness immunity, AC +3, negative energy resistance 1, electricity
resistance, torment resistance 1, petrification resistance
a: no special abilities


You were on level 2 of the Dungeon.
You visited 1 branch of the dungeon, and saw 2 of its levels.

You collected 102 gold pieces.

Inventory:

Hand Weapons
 e - a +0 short sword (weapon)
Armour
 a - a +0 robe (worn)
Scrolls
 d - a scroll of enchant weapon {unknown}
 f - a scroll of identify {unknown}
 h - 2 scrolls of teleportation {unknown}
 j - a scroll of blinking {unknown}
Potions
 b - a potion of magic
 c - a potion of curing {unknown}
 g - a potion of flight {unknown}
 i - a potion of haste {unknown}


   Skills:
 - Level 1.6 Dodging
 - Level 2.3 Stealth
 - Level 2.0 Spellcasting
 - Level 0.9 Transmutations
 + Level 5.7 Earth Magic


You had 6 spell levels left.
You knew the following spells:

 Your Spells              Type           Power      Damage    Failure   Level
a - Sandblast             Erth           42%        2d11      1%          1

Your spell library contained the following spells:

 Spells                   Type           Power      Damage    Failure   Level
 Passwall                 Tmut/Erth      10%        N/A       8%          2
 Stone Arrow              Conj/Erth      22%        3d8       19%         3
 Petrify                  Tmut/Erth      13%        N/A       43%         4
 Passage of Golubria      Tloc           1%         N/A       88%         4
 Silence                  Hex/Air        0%         N/A       99%         5
 Lehudib's Crystal Spear  Conj/Erth      5%         10d3      100%        8


Dungeon Overview and Level Annotations

Branches:
Dungeon (2/15)

Altars:

Annotations:
D:2 Terence


Innate Abilities, Weirdness & Mutations

You are immune to sickness and miasma.
Your stone body is resilient. (AC +3)
You are immune to poison.
You resist negative energy. (rN+)
You are resistant to electric shocks. (rElec)
You are resistant to unholy torment.
You are immune to petrification.


Message History

Aim: Terence, wielding a +1 flail of protection, wearing a +0 scale mail and carrying a wand of flame (19) (85% to hit)
The blast of sand misses Terence.
Terence zaps a wand.
The puff of flame hits you.
Casting: Sandblast (safe; 1% risk of failure)
Confirm with . or Enter, or press ? or * to list all spells.
Aiming: Sandblast (safe; 1% risk of failure)
Press: ? - help, Shift-Dir - straight line, f/p - Terence
Aim: Terence, wielding a +1 flail of protection, wearing a +0 scale mail and carrying a wand of flame (18) (85% to hit)
The blast of sand hits Terence but does no damage.
Terence hits you with a +1 flail of protection.
Unknown command.
Casting: Sandblast (safe; 1% risk of failure)
Confirm with . or Enter, or press ? or * to list all spells.
Aiming: Sandblast (safe; 1% risk of failure)
Press: ? - help, Shift-Dir - straight line, f/p - Terence
Aim: Terence, wielding a +1 flail of protection, wearing a +0 scale mail and carrying a wand of flame (18) (85% to hit)
The blast of sand misses Terence.
Terence zaps a wand.
The puff of flame misses you.
Casting: Sandblast (safe; 1% risk of failure)
Confirm with . or Enter, or press ? or * to list all spells.
Aiming: Sandblast (safe; 1% risk of failure)
Press: ? - help, Shift-Dir - straight line, f/p - Terence
Aim: Terence, wielding a +1 flail of protection, wearing a +0 scale mail and carrying a wand of flame (17) (85% to hit)
The blast of sand hits Terence but does no damage.
Terence hits you with a +1 flail of protection!
Casting: Sandblast (safe; 1% risk of failure)
Confirm with . or Enter, or press ? or * to list all spells.
Aiming: Sandblast (safe; 1% risk of failure)
Press: ? - help, Shift-Dir - straight line, f/p - Terence
Aim: Terence, wielding a +1 flail of protection, wearing a +0 scale mail and carrying a wand of flame (17) (85% to hit)
The blast of sand hits Terence.
Terence is lightly wounded.
Terence hits you with a +1 flail of protection.
Terence hits you with a +1 flail of protection!
* * * LOW HITPOINT WARNING * * *
Terence attacks as you move away! Terence misses you.
Terence zaps a wand.
The puff of flame hits you but does no damage.
Terence zaps a wand.
The puff of flame hits you!
You die...

..............................
#.. ...##.#...................
#.####.##.#..##....#.#.†#.##..
............................ .
#.####..#.#@..†..............
.....#..#.#..#..#.......#.##..
#@##.#..#.......#....##.#.# ..
#............##.#..†.##.#.##.
##.####.#.#.###.@...†........
..># #.#.#.###.#..#....#.###
.#.. #.#.#................ .
.. #.#.#####...###..)#.##
#.... ###.# #.... .. ..... ...
....#. ## ##### ##.# #.....#
.# #.#.#.#


You could see Terence.

Vanquished Creatures
  2 adders (D:2)
  A worm (D:2)
  2 ball pythons (D:1)
  An endoplasm (D:1)
  3 giant cockroaches (D:1)
  2 goblins
  7 hobgoblins
  9 jackals
  5 kobolds
  A quokka (D:1)
  10 rats
43 creatures vanquished.

Notes
Turn   | Place    | Note
-------+----------+-------------------------------------------
     0 | D:1      | Descartes the Gargoyle Earth Elementalist began the quest
                  | for the Orb.
     0 | D:1      | Reached XP level 1. HP: 10/10 MP: 3/3
   314 | D:1      | Reached skill level 4 in Earth Magic
   314 | D:1      | Reached XP level 2. HP: 9/15 MP: 0/5
   466 | D:1      | Found a faded altar of an unknown god.
   817 | D:1      | Reached XP level 3. HP: 19/19 MP: 4/6
  1218 | D:2      | Reached skill level 5 in Earth Magic
  1533 | D:2      | Reached XP level 4. HP: 24/24 MP: 4/7
  1630 | D:2      | Noticed Terence
  1654 | D:2      | Killed from afar by Terence

Illustrated notes

Levels and vault maps discovered:
D:1:      dpeg_arrival_rhombi, layout_loops_ring,
          chequers_ecumenical_altar_island
D:2:      layout_basic, basic_altar, uniq_terence

Skill      XL: |  1  2  3 |
---------------+----------+-----
Earth Magic    | 4 5 |  5.7
Dodging        | |  1.6
Stealth        | |  2.3
Spellcasting   | |  2.0
Transmutations | |  0.9

Action                   |  1- 3 |  4- 6 || total
-------------------------+-------+-------++-------
Melee: Unarmed           |    10 |       ||    10
       Short sword       |     5 |       ||     5
 Cast: Sandblast         |    54 |    11 ||    65
Armor: Robe              |    12 |     1 ||    13
Dodge: Dodged            |    37 |     3 ||    40
